 Dungeon Crawl Stone Soup version 0.28-a0-313-gbc0475efdd (webtiles) character file.

Game seed: 13570310018639267964

65 lunkers the Skirmisher (level 3, 0/35 HPs)
             Began as a Minotaur Cinder Acolyte on Aug 31, 2021.
             Was a High Priest of Ignis.
             Shot with an arrow by a centaur (1 damage)
             ... on level 3 of the Dungeon.
             The game lasted 00:01:37 (1880 turns).

lunkers the Skirmisher (Minotaur Cinder Acolyte)    Turns: 1880, Time: 00:01:37

Health: 0/35       AC:  5    Str: 20    XL:     3   Next: 94%
Magic:  0/3        EV: 10    Int: 10    God:    Ignis [*****.]
Gold:   68         SH:  0    Dex:  5    Spells: 3/4 levels left

rFire   + + .      SeeInvis .   a - -1 hand axe (flame)
rCold   x . .      Faith    .   (no shield)
rNeg    . . .      Spirit   .   j - +0 ring mail
rPois   .          Reflect  .   (helmet restricted)
rElec   .          Harm     .   (no cloak)
rCorr   .          Rampage  .   (no gloves)
Will    .....                   (no boots)
Stlth   ..........              (no amulet)
HPRegen 0.11/turn               d - ring of fire
MPRegen 0.08/turn               (no ring)

@: no status effects
A: horns 2, retaliatory headbutt
a: Renounce Religion, Sea of Fire, Foxfire Swarm, Rising Flame


You were on level 3 of the Dungeon.
You worshipped Ignis.
Ignis was extremely pleased with you.
You visited 1 branch of the dungeon, and saw 3 of its levels.

You collected 68 gold pieces.

Inventory:

Hand Weapons
 a - a -1 hand axe of flaming (weapon)
Missiles
 o - 2 throwing nets
Armour
 b - a +0 robe
 j - a +0 ring mail (worn)
Jewellery
 d - a ring of fire (left hand)
Scrolls
 c - 3 scrolls of fog {unknown}
 e - a scroll of acquirement {unknown}
 f - a scroll of teleportation {unknown}
 i - a scroll of vulnerability {unknown}
 l - 2 scrolls of enchant armour {unknown}
 m - 2 scrolls of identify {unknown}
Potions
 g - 2 potions of might {unknown}
 h - a potion of magic {unknown}
 k - a potion of brilliance {unknown}
 n - a potion of flight {unknown}


   Skills:
 + Level 4.9 Fighting
 + Level 4.9 Axes
 - Level 1.0 Spellcasting
 - Level 0.6 Fire Magic


You had 3 spell levels left.
You knew the following spells:

 Your Spells              Type           Power      Damage    Failure   Level
p - Foxfire               Conj/Fire      4%         2x1d4     47%         1

Your spell library contained the following spells:

 Spells                   Type           Power      Damage    Failure   Level


Dungeon Overview and Level Annotations

Branches:
Dungeon (3/15)

Altars:


Innate Abilities, Weirdness & Mutations

You have a pair of horns on your head.
You reflexively headbutt those who attack you in melee.


Message History

Key pressed, stopping explore.
No target in view!
A goblin comes into view. It is wielding a +0 dagger.
The goblin shouts!
You feel a surge of power!
You conjure some foxfire!
A goblin is nearby!
You feel a surge of power!
You conjure some foxfire!
The foxfire hits the goblin.
The goblin is moderately wounded.
The foxfire hits the goblin.
The goblin is severely wounded.
A centaur comes into view.
The foxfire hits the goblin.
You kill the goblin!
The centaur wields a +0 shortbow.
The centaur shoots an arrow.
The arrow barely misses you.
Your foxfire dissipates!
The centaur shoots an arrow.
The arrow hits you!
Casting: Foxfire (safe; 47% risk of failure)
Confirm with . or Enter, or press ? or * to list all spells.
You don't know that spell.
Unknown command.
Unknown command.
The centaur shoots an arrow.
The arrow hits you.
* * * LOW HITPOINT WARNING * * *
Casting: Foxfire (safe; 47% risk of failure)
Press: ? - help, Q - select action, (/) - cycle Dir - look around, f - activate You feel a surge of power!
You conjure some foxfire!
The centaur shoots an arrow.
The arrow barely misses you.
The centaur shoots an arrow.
The arrow hits you!
* * * LOW HITPOINT WARNING * * *
Unknown command.
The foxfire hits the centaur.
The centaur is lightly wounded.
The foxfire hits the centaur.
The centaur is moderately wounded.
The centaur shoots an arrow.
The arrow hits you!
* * * LOW HITPOINT WARNING * * *
The centaur shoots an arrow.
The arrow hits you.
You die...

..# .. .. .# .## ###
######§.#..!. #....§..c....
#...§@...)... #...
#..§..§...... #...
.......#...§§....... #...
.......#..§......... .. #...
.......#............ ... #...
.......#............ ...##...
.......#...........## #......
.......#...........##.#......
.......#........... .........


You could see a centaur.

Vanquished Creatures
  A gnoll (D:1)
  An adder (D:2)
  2 worms
  7 bats
  4 endoplasms
  3 giant cockroaches (D:1)
  5 goblins
  2 hobgoblins (D:3)
  A kobold (D:1)
  3 quokkas
  A ball python (D:2)
  3 frilled lizards
  5 rats
38 creatures vanquished.

Vanquished Creatures (others)
  57 foxfires
57 creatures vanquished.

Grand Total: 95 creatures vanquished

Notes
Turn   | Place    | Note
-------+----------+-------------------------------------------
     0 | D:1      | lunkers the Minotaur Cinder Acolyte began the quest for the
                  | Orb.
     0 | D:1      | Reached XP level 1. HP: 19/19 MP: 1/1
   125 | D:1      | Reached XP level 2. HP: 24/27 MP: 0/2
   821 | D:2      | Reached XP level 3. HP: 34/34 MP: 3/3
  1873 | D:3      | Noticed a centaur
  1880 | D:3      | HP: 1/35 [centaur/arrow (10)]
  1880 | D:3      | Shot with an arrow by a centaur

Illustrated notes

Levels and vault maps discovered:
D:1:      dpeg_arrival_signposts, layout_rooms, interstate_on_off,
          chequers_garden
D:2:      layout_basic
D:3:      layout_basic, shapermc_ecumenical_altar_mp_ritualfount,
          minmay_misc_feat_columns

Skill      XL: |  1 |
---------------+----+-----
Fighting       | 4 |  4.9
Axes           | 4 |  4.9
Spellcasting   | |  1.0
Fire Magic     | |  0.6

Action                   || total
-------------------------++-------
Melee: Hand axe          ||    47
       Headbutt          ||     7
 Cast: Foxfire           ||    39
Armor: Robe              ||     4
       Ring mail         ||     6
Dodge: Dodged            ||    20

Table legend: (Time is in decaauts)
 A = Elapsed time spent in this place.
 B = Non-inter-level travel time spent in this place.
 C = Inter-level travel time spent in this place.
 D = Time resting spent in this place.
 E = Time spent auto-exploring this place.
 F = Levels seen in this place.
 G = Mean time per level.
                   A        B        C        D        E       F      G
               +--------+--------+--------+--------+--------+-----+--------+
         Total |   1882 |   1809 |     73 |      0 |   1559 |   3 |  627.3 |
       Dungeon |   1882 |   1809 |     73 |      0 |   1559 |   3 |  627.3 |
               +--------+--------+--------+--------+--------+-----+--------+

Top non-repeatable levels by time:
     D:2: 867 daAuts
     D:1: 818 daAuts
     D:3: 197 daAuts
